cohdb
Replays
Latest Replays
All Replays
Popular Replays
Top Player Replays
Match Explorer
How It Works
Community
CoH3 Stats
Reddit
Sign in to upload your games and track your stats! →
Sign in with Steam
Dancing around bishops!
Match 21630812
Overview
Messages
Build Orders
End
Panzergrenadier Squad
250 Light Carrier
Panzergrenadier Squad
Construct Light Support Kompanie
2.5-tonne Medical Truck
Panzerjäger Squad
Panzerjäger Squad
Fire Support Elements
Veteran Squad Leaders
Combat Half-tracks
le.IG 18 Mechanized Group
Construct Panzerarmee Kommand
Panzer III L Medium Tank
Vehicle Survival Package
Selects Armored Support Battlegroup
Selects Veteran Gunners
Selects Salvage Kits
Selects Panzer Storm
Panzer III L Medium Tank
Selects Stuka Anti-tank Loiter
Emergency Repair Kits
Stuka Anti-tank Loiter
Panzer III L Medium Tank
Panzerpioneer Squad
Selects Flammpanzer III Medium Tank Sd.Kfz. 141
Tungsten Core Ammunition
Pak 38 Anti-tank Gun Team
Selects Command Panzer IV F Medium Tank
Rapid Advance
Stuka Anti-tank Loiter
Advanced Optics
Stuka Anti-tank Loiter
Panzer Storm
[BPX] Kronosaur0s
Cherpusillo
Your mom cooks gud
Dumais
0
0
Comments
sign in to comment!
No comments posted yet!